 Dungeon Crawl Stone Soup version 0.27-a0-1557-g57f10a385c (webtiles) character file.

Game seed: 1468663489572247447

65 Sin92 the Skirmisher (level 3, 0/29 HPs)
             Began as a Demonspawn Fighter on July 15, 2021.
             Slain by a worm (2 damage)
             ... on level 1 of the Dungeon.
             The game lasted 00:01:04 (938 turns).

Sin92 the Skirmisher (Demonspawn Fighter)            Turns: 938, Time: 00:01:04

Health: 0/29       AC: 12    Str: 18 (19) XL:     3   Next: 94%
Magic:  3/3        EV:  7    Int:  8 (9)  God:
Gold:   48         SH:  9    Dex: 11 (12) Spells: 2/2 levels left

rFire    . . .     SeeInvis .   a - +0 war axe
rCold    . . .     Faith    .   c - +0 kite shield
rNeg     . . .     Spirit   .   b - +0 scale mail
rPois    +         Reflect  .   (no helmet)
rElec    .         Harm     .   (no cloak)
rCorr    .         Rampage  .   (no gloves)
Will     .....                  (no boots)
Stlth    ..........             (no amulet)
HPRegen  0.09/turn              (no ring)
MPRegen  0.08/turn              (no ring)

@: sanguine armoured
A: ignite blood 1, sanguine armour 1, poison resistance, strong 1
a: no special abilities


You were on level 1 of the Dungeon.
You visited 1 branch of the dungeon, and saw 1 of its levels.

You collected 48 gold pieces.

Inventory:

Hand Weapons
 a - a +0 war axe (weapon)
Missiles
 g - 4 curare-tipped darts (quivered)
Armour
 b - a +0 scale mail (worn)
 c - a +0 kite shield (worn)
Scrolls
 e - a scroll of silence {unknown}
 f - a scroll of fear {unknown}
 j - 2 scrolls of identify {unknown}
Potions
 d - a potion of might


   Skills:
 + Level 3.4 Fighting
 + Level 2.3 Axes
 + Level 3.1 Armour
 + Level 1.2 Dodging
 + Level 3.1 Shields


You had 2 spell levels left.
You didn't know any spells.
Your spell library was empty.

Dungeon Overview and Level Annotations

Branches:
Dungeon (1/15)

Altars:

Shops:
D:1 =


Innate Abilities, Weirdness & Mutations

Your demonic aura sometimes causes spilled blood to erupt in flames.
When seriously injured, your bleeding wounds create armour. (AC +6)
Your system is resistant to poisons. (rPois)
Your muscles are strong. (Str +2)


Message History

The endoplasm freezes you.
You are frozen.
The endoplasm barely misses you.
You barely miss the endoplasm.
The endoplasm hits you but does no damage.
The endoplasm closely misses you.
You hit the endoplasm but do no damage.
The endoplasm hits you but does no damage.
The endoplasm freezes you.
You are frozen.
* * * LOW HITPOINT WARNING * * *
Unknown command.
You hit the endoplasm but do no damage. The endoplasm freezes you.
You are frozen.
* * * LOW HITPOINT WARNING * * *
You hit the endoplasm.
The endoplasm is moderately wounded.
The endoplasm hits you but does no damage.
The endoplasm barely misses you.
It was a potion of degeneration.
There was something very wrong with that liquid.
You feel weakened.
You feel dopey.
You feel clumsy. The endoplasm barely misses you.
It was a potion of mutation.
You feel extremely strange.
You feel stronger.
You feel resistant to poisons. The endoplasm barely misses you.
You hit the endoplasm.
You kill the endoplasm!
You slash the worm!
The worm is heavily wounded.
You are no longer corroded.
You block the worm's attack.
You hit the worm but do no damage.
The worm is moderately wounded.
The worm bites you.
* * * LOW HITPOINT WARNING * * *
You hit the worm.
The worm is moderately wounded.
The worm bites you.
You die...

.................^.....#.........
.........[.......................
............................#....
.........###############....#....
.........#.............#....#....
.........#.............#.........
.........#.............#....#....
.........#######w#######.........
...).....#......@......#.........
.........'⌠....###....⌠+...#.....
....###..#......<......#...#.....
......#..#..⌠...>...⌠..#†........
......#.(###+#######'###.........
.................................
#................................
#...###........#.........#.......
#......[.......#..###..#.#.##+#†.


You could see a worm.

Vanquished Creatures
  A jelly (D:1)
  A ball python (D:1)
  5 endoplasms (D:1)
  5 giant cockroaches (D:1)
  2 goblins (D:1)
  A hobgoblin (D:1)
  8 jackals (D:1)
  A bat (D:1)
  A frilled lizard (D:1)
  A kobold (D:1)
  4 rats (D:1)
30 creatures vanquished.

Notes
Turn   | Place    | Note
-------+----------+-------------------------------------------
     0 | D:1      | Sin92 the Demonspawn Fighter began the quest for the Orb.
     0 | D:1      | Reached XP level 1. HP: 18/18 MP: 1/1
     1 | D:1      | Found a runed translucent door.
     2 | D:1      | Noticed a jelly
    32 | D:1      | Found Ysoxy's Jewellery Shoppe.
   423 | D:1      | Gained mutation: When seriously injured, your bleeding
                  | wounds create armour. (AC +6) [demonic ancestry]
   423 | D:1      | Reached XP level 2. HP: 22/24 MP: 2/2
   796 | D:1      | Found a faded altar of an unknown god.
   921 | D:1      | Gained mutation: Your demonic aura sometimes causes spilled
                  | blood to erupt in flames. [demonic ancestry]
   921 | D:1      | Reached XP level 3. HP: 26/29 MP: 3/3
   923 | D:1      | Reached skill level 1 in Dodging
   934 | D:1      | Gained mutation: Your muscles are strong. (Str +2) [potion
                  | of mutation]
   934 | D:1      | Gained mutation: Your system is resistant to poisons.
                  | (rPois) [potion of mutation]
   938 | D:1      | Slain by a worm

Illustrated notes

Levels and vault maps discovered:
D:1:      dpeg_arrival_caged_fury, layout_basic,
          shapermc_ecumenical_altar_mp_vishouse, serial_shops,
          nicolae_shop_window_shopping, roderic_roman_lattice

Skill      XL: |  1  2  3 |
---------------+----------+-----
Axes           | 2 |  2.3
Dodging        | 1 |  1.2
Armour         | 3 |  3.1
Shields        | 3 |  3.1
Fighting       | |  3.4

Action                   || total
-------------------------++-------
Melee: War axe           ||    81
  Use: Potion            ||     2
Armor: Scale mail        ||    46
Dodge: Dodged            ||    36
Block: Kite shield       ||    52

Table legend: (Time is in decaauts)
 A = Elapsed time spent in this place.
 B = Non-inter-level travel time spent in this place.
 C = Inter-level travel time spent in this place.
 D = Time resting spent in this place.
 E = Time spent auto-exploring this place.
 F = Levels seen in this place.
 G = Mean time per level.
                   A        B        C        D        E       F      G
               +--------+--------+--------+--------+--------+-----+--------+
         Total |    989 |    989 |      0 |      0 |    798 |   1 |  989.0 |
       Dungeon |    989 |    989 |      0 |      0 |    798 |   1 |  989.0 |
               +--------+--------+--------+--------+--------+-----+--------+

Top non-repeatable levels by time:
     D:1: 989 daAuts
